AoeStats
← GL

Arena

509881701Analyzed
1v1 RM · 3d ago on Sep 28, 2026· 30m 44s· 2 players
Game mode
Random Map
Map size
Tiny (2 player)
Population
200
Speed
Normal
Resources
Standard
Victory
Conquest
Starting age
Dark Age
Ending age
Imperial Age
RankedLock teamsTeams togetherTeam positionsShared explorationLock speedFull tech treeHidden civsTurbo modeCheats
Victory
Defeat
🇩🇪 Saracens · Germany
691
+17
🇦🇷 Britons · Argentina
720
-17
Dankemerkel21
13:28 Feudal Age
19:35 Castle Age
18:54 Horse Collar
19:15 Double-Bit Axe
21:44 Heavy Plow
21:55 Bow Saw
21:38 Gold Mining
21:41 Stone Mining
GL
10:10 Feudal Age
10:36 Double-Bit Axe
17:02 Castle Age
15:56 Horse Collar
16:42 Padded Archer Armor
17:22 Fletching
18:37 Bow Saw
20:19 Heavy Plow
28:31 Imperial Age
27:22 Bodkin Arrow
26:50 Crossbowman
28:42 Leather Archer Armor
30:19 Chemistry
Connection lost

Rejoining the realm…

Still unreachable

The connection could not be restored.

Session expired

The server has moved on; the page needs a fresh start.